 Dungeon Crawl Stone Soup version 0.25.1-2-g60ff931df9 (webtiles) character file.

Game seed: 894017747117083803

559 ArchParadox the Conjurer (level 7, -3/40 HPs)
             Began as a Deep Elf Conjurer on Oct 18, 2020.
             Was an Initiate of Vehumet.
             Killed from afar by an orc wizard (12 damage)
             ... with a puff of flame
             ... on level 5 of the Dungeon.
             The game lasted 00:16:01 (5036 turns).

ArchParadox the Conjurer (Deep Elf Conjurer)        Turns: 5036, Time: 00:16:04

Health: -3/40      AC:  4    Str:  7    XL:     7   Next: 9%
Magic:  17/17      EV: 13    Int: 20    God:    Vehumet [......]
Gold:   200        SH:  0    Dex: 15    Spells: 6/17 levels left

rFire    . . .     SeeInvis .   B - +0 great mace
rCold    . . .     Gourm    .   (shield currently unavailable)
rNeg     . . .     Faith    .   a - +0 robe
rPois    .         Spirit   .   H - +1 hat
rElec    .         Reflect  .   (no cloak)
rCorr    .         Harm     .   (no gloves)
MR       .....                  g - +0 pair of boots
Stlth    ++........             d - amulet of regeneration
HPRegen  0.53/turn              (no ring)
MPRegen  0.15/turn              (no ring)

@: lethally poisoned (-3 -> -16)
A: no striking features
a: Renounce Religion


You were on level 5 of the Dungeon.
You worshipped Vehumet.
Vehumet was noncommittal.
You were hungry.

You visited 2 branches of the dungeon, and saw 6 of its levels.

You collected 200 gold pieces.

Inventory:

Hand Weapons
 b - a +0 short sword
 B - a +0 great mace (weapon)
 G - a +0 shortbow
Missiles
 f - 104 stones
 i - 93 arrows
 l - 8 javelins
 v - 19 poisoned darts (quivered)
Armour
 a - a +0 robe (worn)
 g - a +0 pair of boots (worn)
 H - a +1 hat (worn)
Jewellery
 d - an amulet of regeneration (around neck)
 n - a cursed ring of attention
 s - an uncursed amulet of guardian spirit
Wands
 j - a wand of random effects (15)
 C - a wand of digging (7)
Scrolls
 e - a scroll of remove curse
 h - 4 scrolls of fog
 k - a scroll of teleportation
 m - a scroll of magic mapping {unknown}
 p - a scroll of blinking {unknown}
 y - a scroll of noise {unknown}
 D - a scroll of random uselessness {unknown}
 F - a scroll of identify
Potions
 o - a potion of ambrosia {unknown}
 q - 2 potions of heal wounds {unknown}
 r - 2 potions of mutation {unknown}
 t - 3 potions of brilliance {unknown}
 u - 4 potions of curing {unknown}
 w - a potion of lignification {unknown}
 x - a potion of resistance {unknown}
 z - a potion of degeneration {unknown}
 A - a potion of flight {unknown}
Comestibles
 c - 9 rations
 E - 4 chunks of flesh


   Skills:
 + Level 2.8 Fighting
 - Level 2.4 Dodging
 - Level 2.4 Stealth
 + Level 5.7 Spellcasting
 * Level 7.3 Conjurations


You had 6 spell levels left.
You knew the following spells:

 Your Spells              Type           Power        Failure   Level  Hunger
a - Magic Dart            Conj           ####         1%          1    None
b - Searing Ray           Conj           #####.       1%          2    None
c - Fulminant Prism       Conj/Hex       ###.......   24%         4    ####...
d - Iskenderun's Mystic   Conj/Tloc      ###.....     24%         4    ####...

Your spell library contained the following spells:

 Spells                   Type           Power        Failure   Level  Hunger
 Dazzling Flash           Conj/Hex       ###...       7%          3    ##.....


Dungeon Overview and Level Annotations

Branches:
Dungeon (5/15)             Temple (1/1) D:5

Altars:
Ashenzari
Cheibriados
Dithmenos
Kikubaaqudgha
Makhleb
Okawaru
Qazlal
Ru
Sif Muna
Trog
Uskayaw
Vehumet
Wu Jian
Xom
Yredelemnul
The Shining One


Message History

You are feeling hungry.
You feel sick. Something hits you.
You closely miss something.
You feel sick.
You hear some strange, mumbled words.
A puff of flame appears from out of thin air!
The puff of flame hits you! Something hits you but does no damage.
You are more poisoned.
You miss something.
You feel very sick. Something hits you.
* * * LOW HITPOINT WARNING * * *
You are lethally poisoned!
Something barely misses you.
You miss something.
* * * LOW HITPOINT WARNING * * *
You feel very sick.
You hear some strange, mumbled words.
A puff of flame appears from out of thin air!
The puff of flame hits you!
You die...

######## #......#
#......# #......#
###......# ###.{......#
> ###>..#@.....# ...
###..)###......#
.....###{).##รท........#
#.....####.#########
#..#######.###### #.
##....[...## ..
##..#...##..# ..
......#.#..#.## #.
#...#..#....#..# ..


There were no monsters in sight!

Vanquished Creatures
  2 ogres (D:4)
  A centaur (D:5)
  A scorpion (D:4)
  A hound (D:4)
  A bullfrog skeleton (D:4)
  An iguana (D:5)
  A worker ant (D:4)
  An orc wizard (D:5)
  4 gnolls (D:4)
  3 adders
  A dart slug (D:1)
  2 leopard geckos
  6 orcs
  3 giant cockroaches
  4 goblins (D:1)
  6 jackals
  10 kobolds
  6 bats
  6 frilled lizards
  2 rats (D:1)
  A spectral orc (D:4)
63 creatures vanquished.

Notes
Turn   | Place    | Note
-------+----------+-------------------------------------------
     0 | D:1      | ArchParadox the Deep Elf Conjurer began the quest for the
                  | Orb.
     0 | D:1      | Reached XP level 1. HP: 10/10 MP: 6/6
   332 | D:1      | Reached XP level 2. HP: 16/16 MP: 5/8
  1184 | D:2      | Found a shimmering altar of Xom.
  1290 | D:2      | Reached skill level 5 in Conjurations
  1372 | D:2      | Reached XP level 3. HP: 20/20 MP: 2/10
  1463 | D:2      | Reached skill level 1 in Fighting
  1513 | D:2      | Found an ornate altar of the Wu Jian Council.
  3017 | D:4      | Learned a level 2 spell: Searing Ray
  3062 | D:4      | Reached XP level 4. HP: 18/25 MP: 7/12
  3227 | D:4      | Found a stormy altar of Qazlal.
  3229 | D:4      | Noticed an earth elemental
  3230 | D:4      | Noticed a water elemental
  3230 | D:4      | Noticed an air elemental
  3230 | D:4      | Noticed a fire elemental
  3271 | D:4      | Reached XP level 5. HP: 30/30 MP: 8/13
  3363 | D:4      | Noticed an ogre
  3366 | D:4      | Killed an ogre
  3366 | D:4      | Reached skill level 6 in Conjurations
  3425 | D:4      | Found a bloodstained altar of Trog.
  3427 | D:4      | Found a shimmering blue altar of Sif Muna.
  3659 | D:4      | Reached XP level 6. HP: 35/35 MP: 11/15
  3685 | D:4      | Reached skill level 5 in Spellcasting
  3901 | D:4      | Found a sacrificial altar of Ru.
  4042 | D:4      | Found a basalt altar of Yredelemnul.
  4221 | D:4      | Reached skill level 7 in Conjurations
  4303 | D:5      | Entered Level 5 of the Dungeon
  4309 | D:5      | Learned a level 4 spell: Fulminant Prism
  4314 | D:5      | Learned a level 4 spell: Iskenderun's Mystic Blast
  4496 | D:5      | Reached XP level 7. HP: 7/40 MP: 7/17
  4625 | D:5      | Found a staircase to the Ecumenical Temple.
  4634 | Temple   | Entered the Ecumenical Temple
  4893 | Temple   | Became a worshipper of Vehumet
  5036 | D:5      | Killed from afar by an orc wizard

Illustrated notes

Levels and vault maps discovered:
D:1:      psy_arrival_terrarium, layout_loops_corners
D:2:      layout_basic, xom_butterflies, lemuel_doored_altar, first_ration
D:3:      layout_rooms, uniq_grinder
D:4:      layout_basic, nicolae_ru_the_path_less_chosen,
          yredelemnul_forgotten_temple_becter, nicolae_qazlal_style_of_elements,
          grunt_temple_overflow_open
D:5:      layout_rooms, kennysheep_mini, minmay_temple_entry_mini_moons,
          basic_altar, tgw_kikubaaqudgha, uniq_crazy_yiuf_cottage
Temple:   compressed_dpeg_triangle_lava_temple

Skill      XL: |  1  2  3  4  5  6 |
---------------+-------------------+-----
Conjurations   | 5 6 7 |  7.3
Fighting       | 1 2 |  2.8
Spellcasting   | 4 5 |  5.7
Dodging        | |  2.4
Stealth        | |  2.4

Action                   |  1- 3 |  4- 6 |  7- 9 || total
-------------------------+-------+-------+-------++-------
Melee: Great mace        |       |    10 |     5 ||    15
 Cast: Magic Dart        |    94 |    56 |     6 ||   156
       Searing Ray       |       |     6 |     3 ||     9
  Use: Scroll            |       |     6 |       ||     6
  Eat: Ration            |     2 |       |       ||     2
       Chunk             |     1 |     3 |     1 ||     5
Armor: Robe              |     8 |     4 |     2 ||    14
Dodge: Dodged            |    22 |    22 |     1 ||    45
